[Event "Israeli Championship 2022"]
[Site "Yosiah Arad"]
[Date "2022.12.13"]
[Round "9.10"]
[White "Sitbon, Itay"]
[Black "Postny, Evgeny"]
[Result "1/2-1/2"]
[ECO "D25"]
[WhiteElo "2092"]
[BlackElo "2588"]
[Annotator "TA"]
[PlyCount "135"]
[EventDate "2022.12.05"]
[EventType "swiss"]
[EventCountry "ISR"]
[SourceTitle "playchess.com"]
[Source "ChessBase"]
[SourceQuality "1"]
[TimeControl "40/5400+30:1800+30"]

1. d4 d5 2. c4 dxc4 3. Nf3 Nf6 4. e3 b5 5. a4 b4 6. Bxc4 {[%emt 0:00:04] D25: Queen's Gambit Accepted: 4 e3: sidelines and 4...Bg4.} e6 7. O-O Be7 8. Qe2 {[%emt 0:04:44] White is slightly better.} Bb7 {[%emt 0:01:09] 8...0-0 is the modern continuation.} 9. Nbd2 c5 10. dxc5 Nbd7 11. Nb3 (11. Bb5 {is interesting.} Qc7 12. Nb3 a6 13. Bxd7+ Qxd7 14. Bd2) 11... O-O $1 12. Rd1 Qc7 13. Bd2 a5 14. Rac1 Nxc5 15. Nfd4 Qb6 (15... Nxa4 16. Nxe6 $1 Qc6 17. Nf4 $14) (15... Rfd8 {keeps more tension.} 16. f3 Qe5 17. Be1 Nd5) 16. Nxc5 Bxc5 17. Be1 Rfd8 18. Nb3 Be7 (18... Rxd1 $5 19. Rxd1 Rc8 $11) 19. f3 Bc6 20. Rxd8+ Rxd8 {[%emt 0:01:18] [#]} 21. Ra1 $146 (21. Bb5 $5 Bd5 22. Nd4 $11) ({Predecessor:} 21. Bf2 Bxa4 22. e4 Qb8 23. Nxa5 Bd6 24. Ra1 Bxh2+ 25. Kf1 Be8 26. g4 Bf4 27. Nb3 {0-1 (34) Jodorcovsky Werjivker,P (2207)-Mayeregger,A (2035) Asuncion 2019}) 21... e5 22. Bf2 e4 $1 23. f4 h6 24. h3 g6 25. Nd4 Bb7 26. Rc1 Rc8 (26... Kg7 $11) 27. Rc2 (27. f5 $1 $14 Kh7 28. Rc2) 27... Kg7 $11 28. Kh2 (28. Kh1 {feels hotter.} Nd5 29. f5 Bf6 30. fxg6 Bxd4 31. Bxd5 Rxc2 32. Qxc2 Bxd5 33. exd4 fxg6 34. Bg3) 28... Bc5 (28... Ne8 {with more complications.} 29. f5 g5 30. Bg3 Nf6) 29. Nb3 Bd6 30. Nd4 Rd8 31. Kh1 Bc5 32. Nb3 Be7 33. Bb5 {[%emt 0:02:21] Inhibits Bc6.} (33. Nd4 {is more complex.} Rd7 34. Kg1 Nd5 35. Qg4) 33... Ne8 34. Nd4 ({Better is} 34. f5 $1 $11) 34... Bf6 (34... Nd6 $15) 35. Nc6 (35. f5 $11) 35... b3 $17 36. Rc4 Rc8 (36... Rd3 $17 {Strongly threatening ...Nd6.} 37. Rxe4 Rd6 38. Rxe8 Bxc6) 37. Nd4 $11 {[%emt 0:03:12] Rxc8 is the strong threat.} Rd8 38. Be1 Nd6 39. Rc1 Bxd4 (39... Nxb5 {simplifies} 40. Qxb5 Qxb5 41. axb5 a4) 40. exd4 Nf5 (40... Nxb5 {simplifies} 41. Qxb5 Qxb5 42. axb5 a4) 41. Qd2 Qd6 {[%emt 0:08:19] Threatens to win with ...e3.} (41... Rxd4 42. Qxa5 Qxa5 43. Bxa5 $16) (41... Qxd4 $2 42. Qxd4+ Nxd4 43. Bxa5 $18) (41... Nxd4 $2 42. Qxa5 Qf6 43. Bc3 $16) 42. Bf2 (42. Qxa5 $11 {remains equal.} Qxf4 43. Qc7) 42... Bd5 (42... Nxd4 $6 43. Qc3 e3 44. Bxe3 $11) (42... e3 $17 43. Bxe3 Nxe3 44. Qxe3 Qxd4) 43. Kg1 $15 h5 (43... Qe6 $5 44. Be1 (44. Qxa5 $2 e3 $19) 44... e3 $11) 44. Rc5 Kh7 45. Bf1 (45. Qxa5 $11 e3 46. Be1) 45... Ra8 (45... Qe7 $15 46. Be3 (46. Qxa5 $2 e3 $19) 46... Be6) 46. Be3 $11 (46. Rxa5 $2 e3 47. Bxe3 Rxa5 48. Qxa5 Nxe3 $19) 46... h4 47. Be2 Ng3 48. Bf1 Qd8 49. Qc3 Be6 50. Kf2 Qd6 51. Rxa5 ({White should try} 51. Bc4 $16) 51... Rxa5 52. Qxa5 Qc6 53. Bb5 (53. d5 {looks sharper.} Qc2+ 54. Qd2 Bxd5 55. Qxc2 bxc2 56. b4) 53... Qc8 (53... Qc2+ $11 54. Qd2 Nf5) 54. Qe1 (54. Be2 $14) 54... Bd7 $2 (54... Qc2+ $11 55. Qd2 Nf5) 55. Qc1 $18 Qe8 (55... Qb7 $142) 56. Qc4 {[%emt 0:00:44] And now Bxd7 would win.} Bxb5 (56... Kg8 57. d5 (57. Qxb3 Bxb5 58. Qxb5 Qc8 $18) 57... Nf5 58. Bxd7 Qxd7 59. Qxe4 (59. Qxb3 Qc8 $18) 59... Qc7) 57. axb5 {[%emt 0:00:12][%mdl 4096] Endgame KQB-KQN} ({Less strong is} 57. Qxb5 Qc8 58. Qxb3 Qc7 $18) 57... Nf5 58. Qxb3 Qd7 59. b6 {[%emt 0:01:08] Black must now prevent b7.} Qb7 60. Qb5 $2 (60. d5 $18 {and the rest is easy.} Qa6 61. d6 Nxd6 62. Bc5 e3+ 63. Kxe3 Nf5+ 64. Kd2) 60... Qc8 $16 61. Qc5 {[%emt 0:00:34] Against Qc2+} ({But not} 61. b7 $6 Qc2+ 62. Qe2 Qb3 $11) 61... Qa6 62. Qc7 Qd3 $2 (62... Qa2 $1 $14) 63. Qxf7+ $18 Kh6 64. Qf8+ Kh7 65. Qf7+ Kh6 66. Qf8+ Kh7 {[%emt 0:00:05] [#]} 67. Qf7+ $2 (67. Qa3 $1 $18 {[%cal Ra3d3] Hoping for Qxd3.} Qc2+ 68. Ke1) 67... Kh6 $11 68. Qf8+ {[%emt 0:00:02] Weighted Error Value: White=0.32/Black=0.24 (precise)} 1/2-1/2

[Event "Israeli Championship 2022"]
[Site "Yosiah Arad"]
[Date "2022.12.13"]
[Round "9.11"]
[White "Poleg, Matan"]
[Black "Zemach, Nadav"]
[Result "1/2-1/2"]
[ECO "D52"]
[WhiteElo "2291"]
[BlackElo "2402"]
[Annotator "TA"]
[PlyCount "66"]
[EventDate "2022.12.05"]
[EventType "swiss"]
[EventCountry "ISR"]
[SourceTitle "playchess.com"]
[Source "ChessBase"]
[SourceQuality "1"]
[TimeControl "40/5400+30:1800+30"]

1. d4 Nf6 2. c4 e6 3. Nf3 d5 4. Nc3 c6 5. Bg5 Nbd7 6. e3 Qa5 7. Nd2 dxc4 8. Bxf6 Nxf6 9. Nxc4 Qc7 10. Be2 Be7 11. Rc1 O-O 12. O-O Rd8 13. Qb3 {[%emt 0:06:37] D52: Queen's Gambit Declined: Cambridge Springs Variation.} (13. Qc2 {is interesting.} c5 14. Nb5 Qb8 15. dxc5 Bxc5 16. Rfd1) 13... Bd7 14. Bf3 Be8 15. Rfd1 {[%emt 0:01:15] The position is equal.} Rac8 16. e4 b5 {[%emt 0:00:00] Against e5} 17. Ne3 Qb6 {[%emt 0:00:00] [#]} 18. Ne2 $146 ({Predecessor:} 18. d5 cxd5 19. exd5 Bc5 20. Ne4 Nxe4 21. Bxe4 e5 22. Rc2 g6 23. g4 Bd4 24. Rdc1 Rxc2 25. Rxc2 {0-1 (47) Lou,V (2153)-Stojanovic,M (2488) Lenzerheide 2018}) 18... c5 19. d5 c4 {[%emt 0:00:00] Inhibits a4.} 20. Qc3 Bc5 21. Nd4 e5 {[%emt 0:00:00] Against b4} (21... b4 $17 22. Qd2 c3 23. bxc3 bxc3) 22. Ndf5 $1 $14 Qc7 23. Ng4 {[%emt 0:06:32] Prevents g6.} ({Better is} 23. g4 $14) 23... Nxg4 $11 24. Bxg4 {[%emt 0:00:03][%cal Od5d6] [#] aiming for d6!} Rb8 25. b3 (25. Qg3 {is more complex.} g6 26. Be2 Qb6 27. b3) 25... g6 26. Ne3 Qd6 27. bxc4 b4 28. Qd3 a5 29. Rd2 Rb7 30. Nc2 Rdb8 {[%emt 0:00:00][%mdl 1024] Black has compensation.} 31. Ne1 a4 (31... b3 $142) 32. Qe2 h5 33. Bh3 ({White should try} 33. Bf3 $15) 33... Rc7 {[%emt 0:00:00] Weighted Error Value: White=0.19 (very precise) /Black=0.17 (very precise)} (33... b3 $17 34. axb3 (34. Nd3 Ba3 $15) 34... axb3) 1/2-1/2

[Event "Israeli Championship 2022"]
[Site "Yosiah Arad"]
[Date "2022.12.13"]
[Round "9.12"]
[White "Aizenberg, Benny"]
[Black "Shohat, Yotam"]
[Result "1/2-1/2"]
[ECO "B96"]
[WhiteElo "2375"]
[BlackElo "2294"]
[Annotator "TA"]
[PlyCount "49"]
[EventDate "2022.12.05"]
[EventType "swiss"]
[EventCountry "ISR"]
[SourceTitle "playchess.com"]
[Source "ChessBase"]
[SourceQuality "1"]
[TimeControl "40/5400+30:1800+30"]

1. e4 c5 2. Nf3 d6 3. d4 cxd4 4. Nxd4 Nf6 5. Nc3 a6 6. Bg5 e6 7. f4 Qc7 8. Bxf6 gxf6 9. Qf3 $1 {[%emt 0:00:53][%mdl 4] is now more promising than 9.Qd2.} Nc6 10. O-O-O Bd7 11. f5 {[%emt 0:02:21] [#] Black must now prevent fxe6. White is more active. B96: Sicilian Najdorf: 6 Bg5 e6 7 f4, lines other than 7...Qb6 and 7...Be7.} Nxd4 12. Rxd4 Qc5 13. Rd3 {[%emt 0:09:11] White is slightly better.} Qe5 {[%emt 0:17:31] [#]} 14. g3 $146 ({Predecessor:} 14. Kb1 O-O-O 15. Qh5 Rg8 16. Qxh7 Rg7 17. Qh4 Bc6 18. Rd2 exf5 19. exf5 Qxf5 20. Bd3 {½-½ (40) Janosi,E (2316)-Ljubicic,L (2448) ICCF email 2008}) 14... h5 15. Bg2 h4 {[%emt 0:02:00] The position is equal.} 16. Rhd1 hxg3 17. hxg3 O-O-O 18. Ne2 Kb8 ({Much less strong is} 18... exf5 19. exf5 d5 20. Qxd5 (20. Rxd5 Bh6+ 21. Kb1 Bc6 $16) 20... Qxd5 21. Bxd5 $16) 19. Nd4 Be7 20. Rb3 Rc8 21. Bf1 Ka7 22. Qe3 {[%emt 0:05:25] [#] Threatening mate with Nc6+.} Qc5 {[%emt 0:01:33] Inhibits Nc6+.} 23. Rc3 Qb6 24. Rb3 Qc5 25. Rc3 {[%emt 0:00:07] Black took control after the opening.   Weighted Error Value: White=0.04 (flawless) /Black=0.01 (flawless)} 1/2-1/2

[Event "Israeli Championship 2022"]
[Site "Yosiah Arad"]
[Date "2022.12.13"]
[Round "9.13"]
[White "Tzidkiya, Yeshaayahu"]
[Black "Kupervaser, Erez"]
[Result "1/2-1/2"]
[WhiteElo "2444"]
[BlackElo "2331"]
[Annotator "TA"]
[PlyCount "35"]
[EventDate "2022.12.05"]
[EventType "swiss"]
[EventCountry "ISR"]
[SourceTitle "playchess.com"]
[Source "ChessBase"]
[SourceQuality "1"]
[TimeControl "40/5400+30:1800+30"]

1. e4 c5 2. Nf3 d6 3. d4 cxd4 4. Nxd4 Nf6 5. Nc3 g6 6. Be3 Bg7 7. f3 O-O 8. Qd2 Nc6 {[%emt 0:00:06] [#]} {Predecessor:} 9. g4 $146 {B76: Sicilian Dragon: Yugoslav Attack, 9 g4 and 9 0-0-0.} Be6 10. h4 d5 11. e5 Nd7 12. Nxe6 fxe6 13. f4 Ndxe5 14. fxe5 d4 15. O-O-O dxe3 16. Qxe3 Qa5 17. Bc4 Qxe5 18. Bxe6+ {1-0 (64) Dubov,D (2708)-Mamedov,R (2646) Chess.com INT 2022} 1/2-1/2

[Event "Israeli Championship 2022"]
[Site "Yosiah Arad"]
[Date "2022.12.13"]
[Round "9.14"]
[White "Uritsky, Yonathan"]
[Black "Barak, Gil"]
[Result "0-1"]
[ECO "A07"]
[WhiteElo "2216"]
[BlackElo "2147"]
[Annotator "TA"]
[PlyCount "70"]
[EventDate "2022.12.05"]
[EventType "swiss"]
[EventCountry "ISR"]
[SourceTitle "playchess.com"]
[Source "ChessBase"]
[SourceQuality "1"]
[TimeControl "40/5400+30:1800+30"]

1. Nc3 Nf6 2. Nf3 d5 3. d3 e6 4. g3 c5 5. Bg2 Nc6 6. O-O Be7 7. e4 O-O {[%emt 0:02:28] 7...d4 is not played anymore.} (7... d4 $5 8. e5 dxc3 9. exf6 cxb2 10. Bxb2 Bxf6 11. Bxf6 Qxf6 $11) 8. Nd2 {[%emt 0:03:00] A07: Réti Opening: New York and Capablanca Systems.} Rb8 9. a4 a6 10. f4 {[%emt 0:03:36] Black has an edge.} b5 11. axb5 axb5 {[%emt 0:00:05] [#]} 12. h3 $146 ({Predecessor:} 12. Ne2 dxe4 13. Nxe4 Bb7 14. Kh1 Ra8 15. Rxa8 Qxa8 16. N2c3 Nd4 17. Nxf6+ Bxf6 18. Ne4 {0-1 (26) Beuchler,H (2110)-Heimrath,R (2205) Bayern 1998}) 12... c4 13. Kh2 b4 {[%emt 0:06:46] Against e5} 14. Ne2 Na5 ({Better is} 14... cxd3 $15 15. cxd3 Bb7) 15. e5 $11 Nd7 16. dxc4 dxc4 (16... Nxc4 $14 17. Nxc4 dxc4) 17. Ne4 $1 $16 Qc7 18. Nd4 ({White should try} 18. Nd6 $16) 18... Nc5 {[%emt 0:07:58] [#]} (18... Bb7 $14) 19. Qg4 $2 (19. Nd6 $1 $18) 19... Nxe4 $11 20. Bxe4 {[%emt 0:00:02] Hoping for f5.} g6 21. Be3 Bc5 22. Rfd1 Bxd4 (22... c3 $11) 23. Rxd4 $14 Bb7 24. Bxb7 Rxb7 25. Qf3 {[%emt 0:01:08][%cal Oa1a5] Rxa5! is the strong threat.} Nc6 26. Re4 ({Worse is} 26. Rxc4 {[#]} Nxe5 $1 27. fxe5 (27. Rxc7 $2 {perishes.} Nxf3+ 28. Kg2 Nh4+ 29. gxh4 Rxc7 $19) 27... Qxc4 $17) 26... Ne7 27. g4 Qc6 28. Qg2 Rd7 29. h4 (29. Rd4 $11 Nd5 30. Bf2) 29... b3 (29... h5 $17 {Threatens to win with ...hxg4.} 30. Rd4 (30. gxh5 Nf5 $17) 30... Rxd4 31. Bxd4 Rd8 32. Qxc6 Nxc6) 30. cxb3 $11 cxb3 31. Rc1 Qb7 32. Rcc4 {[%emt 0:07:19] Inhibits h5.} (32. Rec4 $11) 32... Nd5 (32... Rc8 $17 {aiming for ...Rdc7.} 33. Rb4 Qd5) 33. Bc5 (33. f5 $11) 33... Rc8 $17 34. f5 $2 (34. Bd6 $17) 34... Rdc7 $19 35. Qf2 Qb5 {[%emt 0:00:27] Weighted Error Value: White=0.55/Black=0.28 (precise)} 0-1

[Event "Israeli Championship 2022"]
[Site "Yosiah Arad"]
[Date "2022.12.13"]
[Round "9.15"]
[White "Ben-Menachem, Itzhak"]
[Black "Shimshovich, Asaf"]
[Result "1/2-1/2"]
[ECO "A96"]
[WhiteElo "2291"]
[BlackElo "1941"]
[Annotator "TA"]
[PlyCount "31"]
[EventDate "2022.12.05"]
[EventType "swiss"]
[EventCountry "ISR"]
[SourceTitle "playchess.com"]
[Source "ChessBase"]
[SourceQuality "1"]
[TimeControl "40/5400+30:1800+30"]

1. d4 f5 2. g3 e6 3. Bg2 Nf6 4. Nf3 Be7 5. O-O O-O 6. c4 d6 7. Nc3 Ne4 8. Qc2 Nxc3 9. bxc3 Nc6 {[%emt 0:00:11] A96: Classical Dutch: Fluid Systems: Early deviations.} 10. e4 {[%emt 0:12:02] The position is equal.} e5 11. exf5 Bxf5 12. Qe2 Bf6 13. Be3 Qe8 14. dxe5 dxe5 {[%emt 0:04:08] [#]} 15. Bc5 $146 ({Predecessor:} 15. Nd2 e4 16. Bc5 Bxc3 17. Bxf8 Bxa1 18. Rxa1 Qxf8 19. Nxe4 Re8 20. c5 Bg6 21. Qc4+ Qf7 22. Nf6+ {1-0 (22) Kirk,T-Anderson,C ICCF email 2016}) 15... Rf7 16. Nd2 {[%emt 0:00:43] An uneventful encounter.   Weighted Error Value: White=0.03 (flawless) /Black=0.01 (flawless)} 1/2-1/2